AoeStats
← Poiu ♡

MegaRandom

510813438Analyzed
4v4 RM · 7h ago on Oct 2, 2026· 43m 51s· 8 players
Game mode
Random Map
Map size
Large (8 player)
Population
200
Speed
Normal
Resources
Standard
Victory
Conquest
Starting age
Dark Age
Ending age
Imperial Age
RankedLock teamsTeams togetherTeam positionsShared explorationLock speedFull tech treeHidden civsTurbo modeCheats
Victory
Defeat
🇩🇪 Persians · Germany
942
+14
🇳🇮 Slavs · Nicaragua
938
+14
🇳🇴 Armenians · Norway
921
+15
🇩🇪 Franks · Germany
863
+18
🇹🇷 Shu · Türkiye
1036
-20
🇪🇸 Dravidians · Spain
902
-15
🇩🇪 Burgundians · Germany
894
-15
🇹🇷 Franks · Türkiye
780
-11
frankonil
3:13 Loom
11:47 Feudal Age
12:26 Double-Bit Axe
16:56 Castle Age
16:15 Horse Collar
16:30 Gold Mining
20:35 Caravan
30:33 Imperial Age
28:45 Ballistics
28:21 Fletching
29:08 Bow Saw
30:01 Medical Corps
32:22 Chemistry
33:40 Wheelbarrow
33:12 Heavy Plow
33:50 Town Watch
34:18 Bodkin Arrow
35:14 Stone Mining
35:47 Hand Cart
35:46 Town Patrol
38:53 Elite Elephant Archer
Aygıt Kocaman
11:26 Feudal Age
9:46 Loom
11:31 Feudal Age
16:31 Castle Age
14:35 Stone Mining
20:26 Double-Bit Axe
20:22 Horse Collar
20:50 Crossbowman
21:37 Thumb Ring
30:59 Imperial Age
33:12 Wheelbarrow
32:23 Town Watch
32:20 Arbalester
35:41 Chemistry
35:29 Murder Holes
36:30 Gold Mining
36:54 Bow Saw
37:36 Ballistics
38:36 Bolt Magazine
39:54 Hand Cart
41:04 Forging
40:55 Scale Mail Armor
Jiro
0:30 Loom
10:19 Feudal Age
11:47 Wheelbarrow
10:58 Town Watch
11:07 Double-Bit Axe
21:24 Castle Age
36:54 Elite Skirmisher
Haudinida
0:33 Loom
10:10 Feudal Age
8:36 Double-Bit Axe
8:59 Horse Collar
11:01 Bow Saw
12:32 Wheelbarrow
15:43 Gold Mining
15:41 Town Watch
20:21 Castle Age
19:36 Fletching
19:53 Heavy Plow
19:46 Stone Mining
20:10 Padded Archer Armor
23:30 Hand Cart
24:44 Elite Skirmisher
27:24 Pikeman
28:05 Squires
29:33 Bodkin Arrow
32:35 Imperial Age
31:23 Forging
31:13 Scale Mail Armor
30:57 Treadmill Crane
31:14 Murder Holes
31:31 Masonry
31:40 Caravan
32:44 Crop Rotation
32:53 Gold Shaft Mining
33:05 Stone Shaft Mining
35:21 Hoardings
35:07 Conscription
36:02 Leather Archer Armor
37:37 Husbandry
37:35 Halberdier
38:02 Arson
38:50 Chain Mail Armor
40:03 Burgundian Vineyards
42:17 Iron Casting
43:36 Architecture
Scamander
9:08 Feudal Age
16:36 Castle Age
15:30 Double-Bit Axe
18:05 Husbandry
32:41 Imperial Age
31:10 Wheelbarrow
30:22 Town Watch
31:35 Scale Barding Armor
31:41 Forging
32:40 Loom
33:11 Hand Cart
32:56 Town Patrol
32:57 Herbal Medicine
32:57 Cavalier
34:12 Chain Barding Armor
34:28 Iron Casting
34:42 Paladin
36:46 Chivalry
40:18 Plate Barding Armor
39:44 Scale Mail Armor
40:46 Blast Furnace
WeLoveRust
4:29 Loom
11:07 Feudal Age
15:22 Castle Age
13:13 Horse Collar
15:18 Wheelbarrow
14:32 Double-Bit Axe
23:29 Stone Mining
23:50 Scale Barding Armor
23:56 Forging
25:46 Heavy Plow
26:34 Stone Shaft Mining
25:58 Gold Mining
27:06 Bow Saw
33:51 Imperial Age
32:11 Hand Cart
32:39 Bloodlines
32:42 Husbandry
36:17 Gold Shaft Mining
35:07 Elite War Elephant
35:59 Citadels
36:10 Conscription
36:36 Chain Barding Armor
37:56 Two-Man Saw
38:04 Caravan
39:50 Iron Casting
Poiu ♡
9:51 Feudal Age
12:02 Loom
15:13 Castle Age
13:55 Double-Bit Axe
14:59 Horse Collar
16:59 Fletching
18:50 Bow Saw
23:24 Gold Mining
25:44 Heavy Plow
25:09 Crossbowman
26:44 Stone Mining
27:10 Padded Archer Armor
27:23 Bodkin Arrow
29:21 Ballistics
28:42 Treadmill Crane
29:13 Masonry
29:16 Fortified Wall
30:20 Pikeman
32:07 Gold Shaft Mining
32:11 Wheelbarrow
31:23 Town Watch
31:43 Murder Holes
35:24 Imperial Age
33:29 Leather Archer Armor
33:15 Scale Mail Armor
33:27 Halberdier
34:08 Squires
33:54 Arson
35:07 Hand Cart
36:02 Gambesons
36:40 Conscription
35:42 Elite Composite Bowman
36:29 Fereters
36:53 Capped Ram
37:35 Arbalester
38:25 Arbalester
39:07 Siege Ram
40:19 Bracer
40:50 Ring Archer Armor
40:37 Chain Mail Armor
42:04 Forging
44:27 Plate Mail Armor
44:33 Iron Casting
Nic94-Necrophos-Papo
10:32 Feudal Age
11:13 Double-Bit Axe
11:36 Horse Collar
12:12 Loom
11:58 Man-at-Arms
13:15 Gold Mining
18:51 Castle Age
17:17 Forging
18:59 Long Swordsman
26:38 Bow Saw
26:30 Heavy Plow
26:49 Pikeman
27:30 Squires
28:50 Stone Mining
29:36 Gold Shaft Mining
29:25 Town Watch
37:49 Imperial Age
37:30 Wheelbarrow
37:36 Wheelbarrow
39:56 Scale Barding Armor
40:26 Iron Casting
41:11 Conscription
41:30 Bloodlines
41:20 Husbandry
42:01 Crop Rotation
41:47 Two-Handed Swordsman
42:36 Detinets
43:22 Hand Cart
43:36 Champion
44:22 Scale Mail Armor
Connection lost

Rejoining the realm…

Still unreachable

The connection could not be restored.

Session expired

The server has moved on; the page needs a fresh start.